 Dungeon Crawl Stone Soup version 0.30.2 (webtiles) character file.

Game seed: 6521810631782964419

1048 porpoise the Skirmisher (level 8, -2/71 HPs)
             Began as a Minotaur Hunter on Jan 27, 2024.
             Slain by a gnoll bouda
             ... wielding a +0 club
              (7 damage)
             ... on level 5 of the Dungeon.
             The game lasted 00:11:07 (4455 turns).

porpoise the Skirmisher (Minotaur Hunter)           Turns: 4455, Time: 00:11:07

Health: -2/71      AC:  6    Str: 18    XL:     8   Next: 5%
Magic:  7/7        EV: 12    Int:  6    God:
Gold:   219        SH:  0    Dex: 21    Spells: 7/7 levels left

rFire   . . .        a - +1 shortbow
rCold   + . .        (shield currently unavailable)
rNeg    + . .        q - +0 ring mail "Poxaj" {Rampage Str+2 Dex+5}
rPois   .            (helmet restricted)
rElec   .            B - +0 cloak
rCorr   .            (no gloves)
SInv    .            (no boots)
Will    .....        (no amulet) Stlth
                     f - ring of protection from cold
HPRegen 0.31/turn    A - ring of positive energy
MPRegen 0.10/turn

%: rampage
@: silenced
A: horns 2, retaliatory headbutt
a: no special abilities


You were on level 5 of the Dungeon.
You visited 1 branch of the dungeon, and saw 5 of its levels.

You collected 219 gold pieces.

Inventory:

Hand Weapons
 a - a +1 shortbow (weapon)
 b - a +2 dagger of electrocution
Missiles
 c - 7 curare-tipped darts
 p - 4 silver javelins
 y - 3 poisoned darts
Armour
 q - the +0 ring mail "Poxaj" (worn) {Rampage Str+2 Dex+5}
   (You found it on level 2 of the Dungeon)

   Str:       It affects your strength (+2).
   Dex:       It affects your dexterity (+5).
   Rampage:   It bestows one free step when moving towards enemies.
 B - a +0 cloak (worn)
Jewellery
 f - a ring of protection from cold (left hand)
 A - a ring of positive energy (right hand)
Wands
 s - a wand of paralysis (6)
 t - a wand of roots (4)
 u - a wand of polymorph (5)
Scrolls
 d - a scroll of poison {unknown}
 e - a scroll of butterflies
 g - a scroll of immolation
 i - a scroll of enchant weapon
 l - a scroll of magic mapping
 o - a scroll of silence
 v - a scroll of amnesia {unknown}
 x - a scroll of noise {unknown}
Potions
 h - a potion of heal wounds {unknown}
 j - a potion of attraction
 k - 2 potions of lignification
 m - 2 potions of ambrosia
 n - 3 potions of curing
 r - a potion of brilliance {unknown}
 w - a potion of magic {unknown}
 z - a potion of flight {unknown}


   Skills:
 + Level 6.7 Fighting
 * Level 9.4 Ranged Weapons
 - Level 2.0 Armour
 - Level 2.1 Dodging
 - Level 0.7 Stealth


You had 7 spell levels left.
You didn't know any spells.
Your spell library was empty.

Dungeon Overview and Level Annotations

Branches:
Dungeon (5/15)             Temple (0/1) D:5

Altars:
Gozag
Makhleb
Okawaru
Yredelemnul
Zin

Annotations:
D:5 Eustachio


Innate Abilities, Weirdness & Mutations

You have a pair of horns on your head.
You reflexively headbutt those who attack you in melee.


Message History

The gnoll closely misses you.
The gnoll bouda attacks as you move away!
The gnoll bouda hits you but does no damage.
The hound bites you but does no damage.
The gnoll is no longer moving quickly.
The hound closely misses you. You furiously retaliate!
You headbutt the hound!
You kill the hound!
The gnoll bouda barks out a call to the hunt!
The gnoll picks up the pace!
You shoot an arrow. The arrow hits the gnoll.
The gnoll is lightly wounded.
The gnoll is no longer moving quickly.
The gnoll misses you.
The iron imp lashes its tail.
The gnoll barely misses you.
You shoot an arrow.
The arrow hits the gnoll but does no damage.
The gnoll is lightly wounded.
The gnoll is no longer moving quickly. x2; The gnoll completely misses you.
You shoot an arrow. The arrow hits the gnoll!
You kill the gnoll!
The iron imp disappears in a puff of smoke!
You rampage towards the gnoll bouda!
You shoot an arrow. The arrow hits the gnoll bouda!
The gnoll bouda is heavily wounded.
The gnoll bouda closely misses you. The gnoll hits you with a +0 halberd.
You shoot an arrow. The arrow hits the gnoll bouda.
The gnoll bouda is heavily wounded.
The gnoll bouda hits you with a +0 club.
The gnoll hits you with a +0 halberd!
* * * LOW HITPOINT WARNING * * *
You shoot an arrow. The arrow hits the gnoll!
The gnoll is severely wounded.
The gnoll bouda hits you with a +0 club!
* * * LOW HITPOINT WARNING * * *
The gnoll closely misses you. You furiously retaliate!
You headbutt the gnoll!
You kill the gnoll!
You shoot an arrow. The arrow closely misses the gnoll.
Eustachio mumbles some strange words.
The gnoll bouda hits you with a +0 club!
You die...

#.# #..########.### #.##### #.#
##.......##.## #...... #.#
###.......#...#####.##### #.#
#...................# #.##
#.#..#.##.#...#######
.#.######.#..#......###
#.......#.#.......###
...####.#.##.#.##g##### #.##
#.#.##....@grrg.#
#.#####.#......####@r.#
#.##.........### #..b#
..##.#####.#.# #gr.# ####.# #.#.#
#...####### ####.# #.#.#
#....)..>.# .....#
#...######@..#####.##
...#.#####.........5.......))....
...#.............@...........<.g.


You could see Eustachio, a gnoll bouda, 2 gnolls, a quokka (summoned), a bat
(summoned, wandering) and 2 rats.

Vanquished Creatures
  An ice beast (D:5)
  A sky beast (D:4)
  A kobold brigand (D:4)
  A bullfrog (D:5)
  2 scorpions (D:5)
  Crazy Yiuf (D:5)
  4 hounds
  4 orc priests
  Ijyb (D:3)
  An iguana (D:3)
  3 orc wizards (D:4)
  6 gnolls
  9 adders
  2 ufetubi
  2 worms
  A dart slug (D:3)
  10 orcs
  5 ball pythons
  6 bats
  2 endoplasms
  4 giant cockroaches
  2 goblins (D:1)
  9 hobgoblins
  2 jackals (D:1)
  3 quokkas
  3 frilled lizards
  9 kobolds
  4 rats
99 creatures vanquished.

Notes
Turn   | Place    | Note
-------+----------+-------------------------------------------
     0 | D:1      | porpoise the Minotaur Hunter began the quest for the Orb.
     0 | D:1      | Reached XP level 1. HP: 18/18 MP: 0/0
   137 | D:1      | Found a faded altar of an unknown god.
   164 | D:1      | Reached XP level 2. HP: 25/25 MP: 1/1
   702 | D:2      | Reached skill level 5 in Ranged Weapons
   762 | D:2      | Reached XP level 3. HP: 19/31 MP: 2/2
   764 | D:2      | Reached skill level 1 in Armour
   764 | D:2      | HP: 1/46 [gnoll/+2 halberd of protection (5)]
  1281 | D:2      | Identified the +0 ring mail "Poxaj" {Rampage Str+2 Dex+5}
  1505 | D:2      | Reached XP level 4. HP: 38/38 MP: 3/3
  1879 | D:3      | Noticed Ijyb
  1894 | D:3      | Killed Ijyb
  2049 | D:3      | Found a burning altar of Makhleb.
  2052 | D:3      | Noticed an Executioner
  2055 | D:3      | Found a glowing silver altar of Zin.
  2055 | D:3      | Noticed an angel
  2297 | D:3      | Reached skill level 6 in Ranged Weapons
  2354 | D:3      | Reached XP level 5. HP: 46/46 MP: 4/4
  2824 | D:4      | Reached XP level 6. HP: 37/53 MP: 5/5
  2828 | D:4      | Reached skill level 7 in Ranged Weapons
  3102 | D:4      | Reached skill level 5 in Fighting
  3285 | D:4      | Noticed a sky beast
  3295 | D:4      | Killed a sky beast
  3296 | D:4      | Reached XP level 7. HP: 43/61 MP: 6/6
  3637 | D:5      | Entered Level 5 of the Dungeon
  3725 | D:5      | Reached skill level 8 in Ranged Weapons
  3826 | D:5      | Found a runed translucent door.
  3827 | D:5      | Noticed Crazy Yiuf
  3835 | D:5      | Killed Crazy Yiuf
  3963 | D:5      | Found a basalt altar of Yredelemnul.
  4165 | D:5      | Found an opulent altar of Gozag.
  4165 | D:5      | Found an iron altar of Okawaru.
  4355 | D:5      | Found a staircase to the Ecumenical Temple.
  4367 | D:5      | Reached skill level 9 in Ranged Weapons
  4382 | D:5      | Reached XP level 8. HP: 37/71 MP: 7/7
  4426 | D:5      | Noticed Eustachio
  4455 | D:5      | Slain by a gnoll bouda

Illustrated notes

Levels and vault maps discovered:
D:1:      amcnicky_arrival_underground_garden, layout_basic,
          shapermc_ecumenical_altar_starsandcircs
D:2:      layout_loops_cross, minmay_misc_feat_doors
D:3:      layout_loops_corners, grunt_temple_overflow_order_and_chaos_2,
          grunt_ministairs_12, uniq_ijyb
D:4:      layout_rooms
D:5:      layout_loops_cross, mainiacjoe_overflow_catwalk_spiral,
          mainiacjoe_overflow_paths, temple_fountains, kennysheep_small_square,
          uniq_crazy_yiuf_cottage, uniq_eustachio

Skill      XL: |  1  2  3  4  5  6  7 |
---------------+----------------------+-----
Ranged Weapons | 5 6 7 9 |  9.4
Fighting       | 3 4 5 6 |  6.7
Armour         | 1 2 |  2.0
Dodging        | |  2.1
Stealth        | |  0.7

Action                     |  1- 3 |  4- 6 |  7- 9 || total
---------------------------+-------+-------+-------++-------
  Melee: Dagger            |     1 |    18 |       ||    19
         Headbutt          |       |     1 |       ||     1
   Fire: Shortbow          |    90 |   116 |   104 ||   310
  Throw: Dart              |     1 |       |       ||     1
    Use: Scroll            |     1 |     5 |     1 ||     7
         Potion            |     1 |     1 |       ||     2
 Armour: Ring mail         |     7 |    18 |    23 ||    48
         Leather armour    |     2 |       |       ||     2
  Dodge: Dodged            |    21 |    40 |    53 ||   114
